PAA
MINNESOTA LOONS @ NORTHVILLE ECLIPSE
05/29/2031
 
TOP OF THE 1ST
Minnesota Loons batting - Pitching for Northville Eclipse : LHP Jorge Cruz
Pitching: LHP Jorge Cruz
Batting: LHB Johan Kroening 0-0: Ball
1-0: Ground out 3-1 (Groundball, 34S)
Batting: RHB Héctor Espiga 0-0: Ball
1-0: Ball
2-0: Ground out 6-3 (Groundball, 6M)
Batting: RHB Ángelo Delgado 0-0: Swinging Strike
0-1: Ball
1-1: Swinging Strike
1-2: Ball
2-2: Fly out, F9 (Flyball, 9S)
Top of the 1st over - 0 runs, 0 hits, 0 errors, 0 left on base; Minnesota 0 - Northville 0
BOTTOM OF THE 1ST
Northville Eclipse batting - Pitching for Minnesota Loons : RHP Peer Akerboom
Pitching: RHP Peer Akerboom
Batting: RHB Alfonso Grappasonni 0-0: Ball
1-0: Ball
2-0: Ball
3-0: Called Strike
3-1: Called Strike
3-2: SINGLE (Line Drive, 5D)
Batting: LHB Octávio Ontiveros 0-0: Foul Ball, location: 2F
0-1: Ball
1-1: Foul Ball, location: 2F
1-2: Fly out, F8 (Flyball, 8RM)
Batting: RHB Syed Sarkar 0-0: Ball
1-0: Called Strike
1-1: Ball
Alfonso Grappasonni steals 2nd base
2-1: Hit by Pitch
Batting: LHB Adrian McCoy 0-0: Called Strike
0-1: Foul Ball, location: 2F
0-2: Strikes out swinging
Batting: LHB Lonnie Murray 0-0: Called Strike
0-1: Foul Ball, location: 2F
0-2: Ground out 4-3 (Groundball, 4D)
Bottom of the 1st over - 0 runs, 1 hit, 0 errors, 2 left on base; Minnesota 0 - Northville 0
TOP OF THE 2ND
Minnesota Loons batting - Pitching for Northville Eclipse : RHP Ricardo Ramírez
Pitching: RHP Ricardo Ramírez
Batting: RHB Hani Azwan 0-0: Ball
1-0: Ball
2-0: Called Strike
2-1: Called Strike
2-2: Ball
3-2: Foul Ball, location: 2F
3-2: Ground out 3-1 (Groundball, 34S)
Batting: LHB Juan Aranda 0-0: Ball
1-0: Ball
2-0: Called Strike
2-1: Fly out, F3 (Line Drive, 3S)
Batting: RHB José de la Cavallería 0-0: Foul Ball, location: 2F
0-1: Ball
1-1: Ball
2-1: Fly out, F8 (Flyball, 8LM)
Top of the 2nd over - 0 runs, 0 hits, 0 errors, 0 left on base; Minnesota 0 - Northville 0
BOTTOM OF THE 2ND
Northville Eclipse batting - Pitching for Minnesota Loons : RHP Peer Akerboom
Batting: RHB Chang-lit Min 0-0: Called Strike
0-1: Ball
1-1: Ball
2-1: Ground out 5-3 (Groundball, 56)
Batting: RHB Juan León 0-0: Called Strike
0-1: Ball
1-1: Ball
2-1: Called Strike
2-2: Ball
3-2: Strikes out swinging, 2-3 out at first.
Batting: RHB Sidney Mackell 0-0: Swinging Strike
0-1: Ball
1-1: SINGLE (Line Drive, 9S)
Batting: RHB Tucker Kinney 0-0: Ball
1-0: Fly out, F4 (Line Drive, 4)
Bottom of the 2nd over - 0 runs, 1 hit, 0 errors, 1 left on base; Minnesota 0 - Northville 0
TOP OF THE 3RD
Minnesota Loons batting - Pitching for Northville Eclipse : RHP Ricardo Ramírez
Batting: RHB Luis Delvalle 0-0: Ball
1-0: Ball
2-0: Ball
3-0: Base on Balls
Batting: RHB Rubén Medina 0-0: Ball
1-0: Ball
2-0: Grounds into double play, 4-6-3 (Groundball, 34)
Batting: RHB Cody Jaeckel 0-0: Foul Ball, location: 2F
0-1: Ball
1-1: Foul Ball, location: 2F
1-2: SINGLE (Line Drive, 56)
Batting: LHB Johan Kroening 0-0: SINGLE (Flyball, 8RS)
Cody Jaeckel to second
Runner from 2nd tries for 3rd, SAFE, no throw
Batting: RHB Héctor Espiga 0-0: Called Strike
Johan Kroening steals 2nd base
0-1: TRIPLE (Line Drive, 89XD)
Cody Jaeckel scores
Johan Kroening scores
Batting: RHB Ángelo Delgado 0-0: Called Strike
0-1: Ball
1-1: Swinging Strike
1-2: Ground out 4-3 (Groundball, 4S)
Top of the 3rd over - 2 runs, 3 hits, 0 errors, 1 left on base; Minnesota 2 - Northville 0
BOTTOM OF THE 3RD
Northville Eclipse batting - Pitching for Minnesota Loons : RHP Peer Akerboom
Batting: RHB Alfonso Grappasonni 0-0: Ball
1-0: Ball
2-0: Ground out 5-3 (Groundball, 5L)
Batting: LHB Octávio Ontiveros 0-0: Called Strike
0-1: Ball
1-1: Ball
2-1: Swinging Strike
2-2: SINGLE (Groundball, 34D)
Batting: RHB Syed Sarkar 0-0: Called Strike
0-1: Ball
1-1: SINGLE (Popup, 5D)
Octávio Ontiveros to second
Batting: LHB Adrian McCoy 0-0: Called Strike
Octávio Ontiveros is caught stealing 3rd base
0-1: Fly out, F8 (Line Drive, 8RD)
Bottom of the 3rd over - 0 runs, 2 hits, 0 errors, 1 left on base; Minnesota 2 - Northville 0
TOP OF THE 4TH
Minnesota Loons batting - Pitching for Northville Eclipse : RHP Ricardo Ramírez
Batting: RHB Hani Azwan 0-0: Ground out 4-3 (Groundball, 4)
Batting: LHB Juan Aranda 0-0: Ball
1-0: Foul Ball, location: 2F
1-1: Foul Ball, location: 2F
1-2: Ball
2-2: Ball
3-2: Ground out 5-3 (Groundball, 5L)
Batting: RHB José de la Cavallería 0-0: Ball
1-0: Called Strike
1-1: Fly out, F8 (Flyball, 8LS)
Top of the 4th over - 0 runs, 0 hits, 0 errors, 0 left on base; Minnesota 2 - Northville 0
BOTTOM OF THE 4TH
Northville Eclipse batting - Pitching for Minnesota Loons : RHP Peer Akerboom
Batting: LHB Lonnie Murray 0-0: DOUBLE (Flyball, 78D)
Batting: RHB Chang-lit Min 0-0: Called Strike
0-1: Ball
1-1: Foul Ball, location: 2F
1-2: Ball
2-2: Foul Ball, location: 2F
2-2: Fly out, F4 (Popup, 34S)
Batting: RHB Juan León 0-0: Foul Ball, location: 2F
0-1: Hit by Pitch
Batting: RHB Sidney Mackell 0-0: Ball
1-0: Called Strike
1-1: Foul Ball, location: 2F
1-2: Ball
2-2: Ball
Wild Pitch!
Lonnie Murray to third
Juan León to second
3-2: Base on Balls
Batting: RHB Tucker Kinney 0-0: Ball
1-0: Ground out 4-3 (Groundball, 4MS)
Lonnie Murray scores
Juan León to third
Sidney Mackell to second
Batting: RHB Alfonso Grappasonni 0-0: Ball
1-0: Foul Ball, location: 2F
1-1: Foul Ball, location: 2F
1-2: Strikes out swinging
Bottom of the 4th over - 1 run, 1 hit, 0 errors, 2 left on base; Minnesota 2 - Northville 1
TOP OF THE 5TH
Minnesota Loons batting - Pitching for Northville Eclipse : RHP Ricardo Ramírez
Batting: RHB Luis Delvalle 0-0: Swinging Strike
0-1: Ball
1-1: Ball
2-1: Ground out 6-3 (Groundball, 6M)
Batting: RHB Rubén Medina 0-0: SOLO HOME RUN (Flyball, 7LD), Distance : 369 ft
Batting: RHB Cody Jaeckel 0-0: Ball
1-0: Foul Ball, location: 2F
1-1: Ball
2-1: Ball
3-1: Called Strike
3-2: Fly out, F8 (Flyball, 89D)
Batting: LHB Johan Kroening 0-0: Foul Ball, location: 2F
0-1: Ball
1-1: Ball
2-1: Bunted foul
2-2: Foul Ball, location: 2F
2-2: Ball
3-2: DOUBLE (Line Drive, 8RD)
Pitching: RHP Kyle MacRae
Batting: RHB Héctor Espiga 0-0: Called Strike
0-1: Ball
1-1: Ball
2-1: Ball
3-1: Ground out 5-3 (Groundball, 56D)
Top of the 5th over - 1 run, 2 hits, 0 errors, 1 left on base; Minnesota 3 - Northville 1
BOTTOM OF THE 5TH
Northville Eclipse batting - Pitching for Minnesota Loons : RHP Peer Akerboom
Batting: LHB Octávio Ontiveros 0-0: Called Strike
0-1: Foul Ball, location: 2F
0-2: Foul Ball, location: 2F
0-2: Strikes out swinging
Batting: RHB Syed Sarkar 0-0: DOUBLE (Flyball, 78XD)
Batting: LHB Adrian McCoy 0-0: Ball
1-0: Called Strike
1-1: Foul Ball, location: 2F
1-2: Ball
2-2: Ball
3-2: Ground out 6-3 (Groundball, 6M)
Syed Sarkar to third
Batting: LHB Lonnie Murray 0-0: Ground out 5-3 (Groundball, 56S)
Bottom of the 5th over - 0 runs, 1 hit, 0 errors, 1 left on base; Minnesota 3 - Northville 1
TOP OF THE 6TH
Minnesota Loons batting - Pitching for Northville Eclipse : RHP Kyle MacRae
Batting: RHB Ángelo Delgado 0-0: Ball
1-0: Called Strike
1-1: Called Strike
1-2: Ball
2-2: Ball
3-2: Base on Balls
Batting: RHB Hani Azwan 0-0: Called Strike
0-1: Swinging Strike
0-2: Strikes out looking
Batting: LHB Juan Aranda 0-0: Ball
1-0: Fly out, F9 (Flyball, 9)
Batting: RHB José de la Cavallería 0-0: Called Strike
0-1: Ball
1-1: SINGLE (Line Drive, 4D)
Ángelo Delgado to second
Pitching: RHP Will Sims
Batting: RHB Luis Delvalle 0-0: Fly out, F5 (Popup, 5F)
Top of the 6th over - 0 runs, 1 hit, 0 errors, 2 left on base; Minnesota 3 - Northville 1
BOTTOM OF THE 6TH
Northville Eclipse batting - Pitching for Minnesota Loons : RHP Peer Akerboom
Batting: RHB Chang-lit Min 0-0: Ball
1-0: Ball
2-0: Ball
3-0: Called Strike
3-1: Base on Balls
Batting: RHB Juan León 0-0: Ball
1-0: Called Strike
1-1: Called Strike
1-2: Foul Ball, location: 2F
1-2: Strikes out swinging
Batting: RHB Sidney Mackell 0-0: Called Strike
0-1: Ball
1-1: Ball
2-1: Ball
3-1: SINGLE (Groundball, 34) (infield hit)
Chang-lit Min to second
Batting: RHB Tucker Kinney 0-0: Swinging Strike
0-1: Ball
1-1: Foul Ball, location: 2F
1-2: Ball
2-2: Foul Ball, location: 2F
2-2: Grounds into double play, 6-4-3 (Groundball, 6)
Bottom of the 6th over - 0 runs, 1 hit, 0 errors, 1 left on base; Minnesota 3 - Northville 1
TOP OF THE 7TH
Minnesota Loons batting - Pitching for Northville Eclipse : RHP Will Sims
Batting: RHB Rubén Medina 0-0: Called Strike
0-1: Ball
1-1: Fly out, F7 (Flyball, 78D)
Batting: RHB Cody Jaeckel 0-0: Ball
1-0: Ball
2-0: Foul Ball, location: 2F
2-1: Ball
3-1: Base on Balls
Batting: LHB Johan Kroening 0-0: Ball
1-0: Called Strike
1-1: Fly out, F9 (Line Drive, 9D)
Batting: RHB Héctor Espiga 0-0: Called Strike
0-1: Called Strike
0-2: Foul Ball, location: 2F
0-2: Ball
1-2: Strikes out looking
Top of the 7th over - 0 runs, 0 hits, 0 errors, 1 left on base; Minnesota 3 - Northville 1
BOTTOM OF THE 7TH
Northville Eclipse batting - Pitching for Minnesota Loons : RHP Peer Akerboom
Pitching: LHP Raymond Beauregard
Batting: RHB Alfonso Grappasonni 0-0: Ball
1-0: Called Strike
1-1: Ball
2-1: Ball
3-1: Ground out 1-3 (Groundball, P)
Batting: LHB Octávio Ontiveros 0-0: Ball
1-0: Called Strike
1-1: Ball
2-1: Called Strike
2-2: Fly out, F8 (Flyball, 8LD)
Batting: RHB Syed Sarkar 0-0: SOLO HOME RUN (Flyball, 7LD), Distance : 371 ft
Batting: LHB Adrian McCoy 0-0: Ball
1-0: Called Strike
1-1: Ball
2-1: Called Strike
2-2: SINGLE (Groundball, 34D)
Batting: LHB Lonnie Murray 0-0: Reached on error, E5 (Groundball, 56)
Adrian McCoy to second
Batting: RHB Chang-lit Min 0-0: Called Strike
0-1: Swinging Strike
0-2: Strikes out swinging
Bottom of the 7th over - 1 run, 2 hits, 1 error, 2 left on base; Minnesota 3 - Northville 2
TOP OF THE 8TH
Minnesota Loons batting - Pitching for Northville Eclipse : RHP Will Sims
Batting: RHB Ángelo Delgado 0-0: Foul Ball, location: 2F
0-1: Ball
1-1: Fly out, F8 (Flyball, 89D)
Batting: RHB Hani Azwan 0-0: Ball
1-0: DOUBLE (Flyball, 78XD)
Batting: LHB Juan Aranda 0-0: Intentional Walk
Pinch Hitting: LHB Bennett Whitford 0-0: Ball
1-0: Ball
2-0: Ball
Hani Azwan is caught stealing 3rd base
3-0: Called Strike
3-1: Called Strike
3-2: Ground out U3 (Groundball, 3)
Top of the 8th over - 0 runs, 1 hit, 0 errors, 1 left on base; Minnesota 3 - Northville 2
BOTTOM OF THE 8TH
Northville Eclipse batting - Pitching for Minnesota Loons : LHP Raymond Beauregard
Now at C: Tabor Muzquiz
Now at 3B: Raúl Mateo
Batting: RHB Juan León 0-0: Swinging Strike
0-1: Foul Ball, location: 2F
0-2: Ball
1-2: Ball
2-2: Ground out 4-3 (Groundball, 4MD)
Batting: RHB Sidney Mackell 0-0: Called Strike
0-1: Foul Ball, location: 2F
0-2: SINGLE (Flyball, 9S)
Pitching: RHP Jeff Territt
Batting: RHB Tucker Kinney 0-0: Swinging Strike
0-1: Foul Ball, location: 2F
0-2: Ball
1-2: Fly out, F9 (Flyball, 9LS)
Pinch Hitting: LHB Arturo Gonzáles 0-0: Called Strike
0-1: Ball
1-1: Fly out, F8 (Flyball, 78D)
Bottom of the 8th over - 0 runs, 1 hit, 0 errors, 1 left on base; Minnesota 3 - Northville 2
TOP OF THE 9TH
Minnesota Loons batting - Pitching for Northville Eclipse : RHP Will Sims
Now in LF: Arturo Gonzáles
Batting: RHB Luis Delvalle 0-0: Ball
1-0: Ball
2-0: SINGLE (Line Drive, 89M)
Pinch Runner at 1st Michael Ward:
Batting: RHB Rubén Medina 0-0: Ball
1-0: Sac Bunt - play at first, batter OUT! 3-4
Michael Ward to second
Batting: RHB Cody Jaeckel 0-0: Ball
Michael Ward steals 3rd base
1-0: Foul Ball, location: 2F
1-1: DOUBLE (Line Drive, 7LM)
Michael Ward scores
Batting: LHB Johan Kroening 0-0: Intentional Walk
Pinch Hitting: LHB Rim Hong-Do 0-0: Ball
Cody Jaeckel steals 3rd base
Johan Kroening to second
1-0: Intentional Walk
Batting: RHB Tabor Muzquiz 0-0: Called Strike
0-1: Ball
1-1: Ball
2-1: Ball
Wild Pitch!
Cody Jaeckel scores
Johan Kroening to third
Rim Hong-Do to second
3-1: Called Strike
3-2: Strikes out swinging
Batting: RHB Hani Azwan 0-0: Called Strike
0-1: Called Strike
0-2: Strikes out swinging
Top of the 9th over - 2 runs, 2 hits, 0 errors, 2 left on base; Minnesota 5 - Northville 2
BOTTOM OF THE 9TH
Northville Eclipse batting - Pitching for Minnesota Loons : RHP Jeff Territt
Now at 1B: Rim Hong-Do
Now in RF: Michael Ward
Batting: LHB Octávio Ontiveros 0-0: Ball
1-0: Foul Ball, location: 2F
1-1: Ground out 6-3 (Groundball, 6)
Batting: RHB Syed Sarkar 0-0: Foul Ball, location: 2F
0-1: Swinging Strike
0-2: SINGLE (Line Drive, 6D)
Batting: LHB Adrian McCoy 0-0: Foul Ball, location: 2F
0-1: Ball
1-1: Called Strike
1-2: Strikes out swinging
Batting: LHB Lonnie Murray 0-0: Called Strike
0-1: Fielders Choice at 2nd, 6-4 (Groundball, 6)
Bottom of the 9th over - 0 runs, 1 hit, 0 errors, 1 left on base; Minnesota 5 - Northville 2
Tuesday, June 12th, 2018 - OOTP Baseball 18.8 Build 76